 Dungeon Crawl Stone Soup version 0.18-a0-1788-g92de1ac (webtiles) character file.

347 MrRokkomies the Insei (level 6, -4/38 HPs)
             Began as an Octopode Transmuter on Apr 21, 2016.
             Was a Follower of Fedhas.
             Killed by divine providence
             ... invoked by an orc priest
              (9 damage)
             ... on level 4 of the Dungeon.
             The game lasted 00:09:33 (4131 turns).

MrRokkomies the Insei (Octopode Transmuter)         Turns: 4131, Time: 00:09:33

Health: -4/38      AC:  2    Str:  9    XL:     6   Next: 59%
Magic:  7/9        EV: 19    Int: 18    God:    Fedhas [*.....]
Gold:   206        SH:  0    Dex: 17    Spells: 3 memorised, 3 levels left

rFire  . . .     SeeInvis .       - Unarmed
rCold  . . .     Gourm    .     (shield currently unavailable)
rNeg   . . .     Faith    .     (helmet currently unavailable)
rPois  x         Spirit   .     (no amulet)
rElec  .         Dismiss  .     n - ring of stealth
rCorr  .         Reflect  .     (no ring)
SustAt .         Harm     .     (no ring)
MR     .....                    (no ring)
Stlth  +++.......               (no ring)
                                (no ring)
                                (no ring)
                                (no ring)

@: spider-form (expiring), not resistant to hostile enchantments, fairly
stealthy
A: almost no armour, (amphibious), 8 rings, (constrict 8), (camouflage 0),
(gelatinous body 0)
a: End Transformation, Evolution, Renounce Religion


You were on level 4 of the Dungeon.
You worshipped Fedhas.
Fedhas was aware of your devotion.
You were hungry.
You were a venomous arachnid creature.
You visited 1 branch of the dungeon, and saw 4 of its levels.

You collected 206 gold pieces.

Inventory:

Hand Weapons
 e - a cursed -3 hunting sling
 g - a +0 hunting sling
Missiles
 a - 110 arrows
 d - 193 stones (quivered)
 l - 5 steel tomahawks
 q - a throwing net
Armour
 s - a +0 buckler (melded)
Jewellery
 n - a ring of stealth (left front leg)
Wands
 j - a wand of random effects (19/48)
 r - a wand of confusion (8/48)
Scrolls
 i - 2 scrolls of blinking
 k - a scroll of teleportation
 x - 2 scrolls of identify
Potions
 f - a potion of haste
 m - a potion of agility
 w - a potion of lignification {unknown}
 z - a potion of degeneration {unknown}
Books
 b - a book of Changes

   Spells                             Type                      Level
   a - Beastly Appendage              Transmutation                1
   b - Sticks to Snakes               Transmutation                2
   c - Spider Form                    Transmutation/Poison         3
   d - Ice Form                       Ice/Transmutation            4
   e - Blade Hands                    Transmutation                5
Comestibles
 c - 4 bread rations
 h - a meat ration
 o - 3 beef jerkies
 p - a slice of pizza
 u - a royal jelly
 v - a chunk of flesh


   Skills:
 - Level 1.0 Fighting
 - Level 2.0 Dodging
 * Level 2.0 Shields
 * Level 5.3 Unarmed Combat
 - Level 2.0 Spellcasting
 - Level 4.6 Transmutations


You had 3 spell levels left.
You knew the following spells:

 Your Spells              Type           Power        Failure   Level  Hunger
a - Beastly Appendage     Trmt           ###...       10%         1    #......
b - Sticks to Snakes      Trmt           ###.....     14%         2    ###....
c - Spider Form           Trmt/Pois      ##........   45%         3    ###....


Dungeon Overview and Level Annotations

Branches:
Dungeon (4/15)
 Temple: D:4-7

Altars:
Fedhas
Kikubaaqudgha
Ru
Sif Muna
Xom

Shops:
D:4 *


Innate Abilities, Weirdness & Mutations

You cannot wear most types of armour.
((You are amphibious.))
You can wear up to eight rings at the same time.
((You can use your tentacles to constrict eight enemies at once.))
((Your skin changes colour to match your surroundings (Stealth).))
((Your rubbery body absorbs attacks (AC +1).))


Message History

Beogh smites you! The orc completely misses you.
The orc shouts! x2
Found a robe.
You hit the orc priest.
The orc priest is moderately wounded.
The orc priest hits you with a flail.
The orc priest invokes the aid of Beogh against you.
Beogh smites you! The orc misses you.
You hit the orc priest.
The orc priest is heavily wounded.
Your transformation is almost over.
The orc barely misses you. The orc priest hits you with a flail!
* * * LOW HITPOINT WARNING * * *
Drink which item? (? for menu, Esc to quit)
It was a potion of cure mutation.
It has a very clean taste.
The orc barely misses you.
The orc priest invokes the aid of Beogh against you.
Beogh smites you!
You die...
Fedhas appreciates your contribution to the ecosystem.

####.....### ##
#.###.# # #.## #.#
. #.# #.# # #. ##.#
##.## # #.# ###.#
..## # #..#...###
....
#..oo..P######.##..
#.oos.##......##
#..#
#..o.######...##
#.# ##...# ##...#
#.# ##.># #...###.#
#..# #......# #..#
##.....## #..#
##.....## # #.[.
#......# ##
....####..####.


You could see 2 orc priests and 3 orcs.

Vanquished Creatures
  Crazy Yiuf (D:3)
  An orc wizard (D:3)
  Ijyb (D:3)
  A worker ant (D:4)
  Terence (D:3)
  Robin (D:3)
  10 adders
  An ooze (D:3)
  A worm (D:2)
  3 dart slugs (D:1)
  2 giant geckos
  8 orcs
  A ball python (D:2)
  4 giant cockroaches
  18 goblins
  9 hobgoblins
  4 jackals (D:2)
  3 quokkas
  6 bats
  7 giant newts
  8 kobolds
  9 rats
100 creatures vanquished.

Vanquished Creatures (others)
  39 toadstools
39 creatures vanquished.

Grand Total: 139 creatures vanquished

Notes
Turn   | Place    | Note
--------------------------------------------------------------
     0 | D:1      | MrRokkomies the Octopode Transmuter began the quest for the Orb.
     0 | D:1      | Reached XP level 1. HP: 13/13 MP: 3/3
   285 | D:1      | Reached XP level 2. HP: 12/18 MP: 5/5
   884 | D:2      | Reached XP level 3. HP: 3/23 MP: 6/6
   954 | D:2      | Learned a level 2 spell: Sticks to Snakes
   958 | D:2      | Learned a level 3 spell: Spider Form
  1209 | D:2      | Found a deep blue altar of Sif Muna.
  1413 | D:2      | Found a blossoming altar of Fedhas.
  1419 | D:2      | Found an ancient bone altar of Kikubaaqudgha.
  1455 | D:2      | Became a worshipper of Fedhas Madash
  1544 | D:2      | Reached XP level 4. HP: 25/28 MP: 3/7
  1565 | D:2      | Reached skill level 4 in Unarmed Combat
  1643 | D:2      | Found a sacrificial altar of Ru.
  2159 | D:3      | Reached XP level 5. HP: 30/33 MP: 8/8
  2167 | D:3      | Noticed Terence
  2191 | D:3      | Killed Terence
  2400 | D:3      | Noticed Ijyb
  2415 | D:3      | Killed Ijyb
  2417 | D:3      | Noticed Robin
  2486 | D:3      | Killed Robin
  2496 | D:3      | Reached * piety under Fedhas
  2680 | D:3      | Reached XP level 6. HP: 30/38 MP: 9/9
  2833 | D:3      | Noticed Crazy Yiuf
  2845 | D:3      | Killed Crazy Yiuf
  2845 | D:3      | Reached skill level 5 in Unarmed Combat
  3226 | D:3      | Reached skill level 1 in Shields
  3554 | D:4      | Found Fehableumm's General Store.
  3746 | D:4      | Found a shimmering altar of Xom.
  3746 | D:4      | Found a shimmering altar of Xom.
  3746 | D:4      | Found a shimmering altar of Xom.
  3748 | D:4      | Found a shimmering altar of Xom.
  3748 | D:4      | Found a shimmering altar of Xom.
  4131 | D:4      | Killed from afar by an orc priest

Vault maps used:
D:1:      minmay_arrival_glassed_features
D:2:      grunt_temple_overflow_growth_and_decay,
          nicolae_ru_the_path_less_chosen, lemuel_blue_sif_altar
D:3:      first_bread, uniq_robin, uniq_crazy_yiuf_cottage, uniq_iyjb,
          uniq_terence
D:4:      xom_redecorated, serial_shops, nicolae_shop_waterfront

Skill      XL: |  1  2  3  4  5  6 |
---------------+-------------------+-----
Transmutations | 3 4 |  4.6
Unarmed Combat | 4 5 |  5.3
Shields        | 2 |  2.0
Fighting       | |  1.0
Dodging        | |  2.0
Spellcasting   | |  2.0

Action                   |  1- 3 |  4- 6 || total
-------------------------+-------+-------++-------
Melee: Unarmed           |    79 |   175 ||   254
       Constrict         |    16 |    37 ||    53
       Tentacles         |     7 |    18 ||    25
       Punch             |     2 |     4 ||     6
       Kick              |       |     3 ||     3
Throw: Stone             |     1 |       ||     1
 Cast: Spider Form       |     3 |     6 ||     9
       Beastly Appendage |       |     1 ||     1
  Use: Scroll            |     6 |     6 ||    12
       Potion            |     2 |     4 ||     6
 Stab: Sleeping          |     8 |     9 ||    17
  Eat: Chunk             |     2 |     4 ||     6
       Meat ration       |       |     1 ||     1
Armor: Skin              |     4 |    16 ||    20
Dodge: Dodged            |    37 |    81 ||   118
Block: Buckler           |       |    16 ||    16
